Map: Arctic Flowers LE

Players

MrFrank

  • Race: Protoss Protoss
  • Spawn Location: 7:00

David

  • Race: Terran Terran
  • Spawn Location: 7:00

flemmig - Winner!

  • Race: Protoss Protoss
  • Spawn Location: 1:00

terrafo - Winner!

  • Race: Terran Terran
  • Spawn Location: 1:00

VOD

Have the link to the VOD?

Description

Time

  • Played on: April 10, 2025, 4:18 p.m.
  • Length: 19:18
Show
View Real Time Build Order
Export as new Build Order

MrFrank Protoss 

Build Orders:  

Get SALT Encoding   

Show
View Real Time Build Order
Export as new Build Order

David Terran 

Build Orders:  

Get SALT Encoding   

  12  0:01  SCV  
  13  0:15  Supply Depot  
  13  0:18  SCV  
  14  0:39  Barracks  
  14  0:41  Refinery  
  14  0:46  SCV  
  15  0:58  SCV  
  16  1:27  Orbital Command, Barracks Reactor  
  16  1:40  Command Center  
  16  1:52  SCV  
  17  2:04  SCV, Marine  
  17  2:05  Marine  
  20  2:09  Supply Depot  
  20  2:21  Barracks  
  20  2:22  Marine  
  21  2:23  Marine  
  22  2:33  Barracks  
  22  2:40  Marine x2  
  24  2:52  Orbital Command  
  24  2:56  SCV  
  24  2:58  Marine x2  
  27  3:08  Barracks Tech Lab, SCV  
  28  3:16  Marine x2  
  30  3:20  Barracks Tech Lab, SCV  
  30  3:21  Factory  
  31  3:27  Engineering Bay  
  31  3:32  SCV  
  31  3:33  Marine  
  33  3:34  Marine  
  34  3:44  SCV  
  34  3:48  SCV  
  36  3:51  Marine  
  36  3:52  Marine  
  38  3:57  Refinery  
  38  4:00  SCV  
  39  4:03  Combat Shield  
  39  4:05  Stimpack  
  39  4:07  Factory Tech Lab  
  39  4:09  Marine x2  
  40  4:12  SCV  
  42  4:24  SCV, Terran Infantry Weapons Level 1  
  42  4:26  SCV  
  42  4:27  Marine x2  
  46  4:33  Refinery  
  46  5:00  Refinery  
  46  5:03  SCV  
  46  5:23  Supply Depot  
  46  5:35  Barracks  
  46  5:44  SCV x2, Marine x2, Marauder x2  
  46  5:45  Supply Depot  
  54  6:06  SCV x2, Marine x2, Marauder x2  
  54  6:07  Supply Depot  
  56  6:18  SCV  
  56  6:22  Barracks  
  56  6:24  Marine x2  
  59  6:28  Marauder  
  59  6:30  SCV  
  59  6:31  Supply Depot  
  61  6:32  Barracks Reactor  
  56  6:41  Marine x2  
  56  6:44  SCV  
  56  6:56  SCV, Starport  
  56  6:59  Marine x2  
  56  7:00  Terran Infantry Armor Level 1  
  58  7:02  Marine  
  58  7:07  Marine  
  59  7:08  SCV, Marine x2  
  59  7:09  Marine  
  59  7:14  Siege Tank  
  66  7:17  Marine x2  
  66  7:20  Marine  
  69  7:25  Marine  
  69  7:26  Marine x2  
  69  7:27  Marine  
  69  7:28  SCV  
  74  7:35  Marine x2  
  76  7:37  Marine  
  76  7:40  SCV  
  78  7:46  Supply Depot  
  78  7:52  Supply Depot  
  78  8:07  Marine x2, Medivac  
  78  8:08  Supply Depot, SCV, Siege Tank  
  86  8:13  Marine x5  
  86  8:15  Supply Depot  
  91  8:25  Marine  
  92  8:31  Marine x4  
  96  8:37  Medivac  
  96  8:40  Siege Tank  
  94  8:43  Marine  
  95  9:00  Supply Depot  
  95  9:01  Command Center  
  95  9:21  Siege Tank, Marine x5  
  95  9:22  Supply Depot  
  103  9:43  Marine x6, Medivac  
  103  9:44  Supply Depot  
  111  10:05  Siege Tank, Marine x5  
  111  10:06  Supply Depot  
  119  10:12  Marine x2  
  119  10:13  Medivac  
  123  10:23  Marine x4  
  123  10:28  Supply Depot, Barracks Reactor  
  127  10:29  Supply Depot  
  127  10:30  Marine x2  
  129  10:37  Siege Tank  
  129  10:41  Marine x2  
  129  10:42  SCV  
  135  10:43  Medivac  
  135  10:48  Marine x2  
  139  10:51  Supply Depot  
  139  10:54  SCV  
  140  11:09  Siege Tank  
  143  11:13  Supply Depot  
  143  11:14  Marine x8  
  151  11:23  Armory  
  151  11:32  Marine x8  
  156  11:34  Medivac  
  156  11:36  Supply Depot  
  161  11:42  Siege Tank  
  164  11:49  Marine  
  164  11:50  Marine x7  
  172  12:04  Medivac  
  172  12:07  Marine  
  172  12:08  Marine x7  
  182  12:12  Supply Depot x2  
  182  12:15  Terran Vehicle Weapons Level 1  
  182  12:16  Terran Infantry Weapons Level 2  
  181  12:34  Siege Tank  
  181  12:35  Supply Depot  
  183  12:51  Command Center  
  183  12:57  Marine x8  
  191  12:59  Supply Depot  
  191  13:07  Supply Depot  
  191  13:20  Siege Tank, Marine x3, Medivac  
  191  13:23  Supply Depot  
  199  13:28  Marine  
  200  13:46  Supply Depot  
  200  14:08  Supply Depot  
  200  14:09  Terran Vehicle And Ship Armor Level 1  
  200  14:32  Terran Infantry Armor Level 2  
  44  16:49  Marine  
  44  16:50  Marine x7  
  47  16:56  Siege Tank  
  47  16:58  Medivac  
  52  17:07  Marine  
  52  17:08  Marine x7  
  60  17:25  Marine x4  
  60  17:26  Marine x4  
  60  17:28  Siege Tank, Medivac  
  73  17:43  Marine x8  
  81  17:57  Medivac  
  83  18:00  Siege Tank  
  83  18:01  Marine x2  
  88  18:07  Marine  
  88  18:08  Marine x5  
  94  18:19  Marine x2  
  96  18:25  Marine x2  
  96  18:26  Marine x4  
  102  18:27  Medivac  
  102  18:32  Siege Tank  
  107  18:37  Marine x2  
  109  18:43  Marine x6  
  115  18:55  Marine x2  
Show
View Real Time Build Order
Export as new Build Order

flemmig Protoss - Winner!

Build Orders: Carriers 

Get SALT Encoding   

  12  0:25  Probe  
  12  0:33  Pylon  
  12  0:34  Probe  
  13  0:38  Assimilator  
  14  1:04  Gateway  
  14  1:10  Probe  
  14  1:14  Nexus  
  15  1:27  Gateway  
  15  1:30  Probe  
  16  1:43  Probe  
  17  1:53  Assimilator  
  17  1:55  Probe  
  18  2:07  Probe  
  19  2:11  Cybernetics Core  
  19  2:23  Pylon  
  19  2:24  Probe  
  19  2:29  Probe  
  20  2:32  Probe  
  22  2:38  Probe  
  22  2:39  Zealot  
  27  2:50  Twilight Council  
  27  2:52  Probe  
  27  2:55  Probe  
  29  2:59  Stalker  
  29  3:04  Probe  
  30  3:06  Warp Gate  
  30  3:08  Stalker  
  30  3:12  Probe  
  33  3:34  Probe  
  33  3:35  Robotics Facility  
  35  3:41  Probe  
  35  3:42  Probe  
  35  3:44  Assimilator  
  36  3:50  Assimilator, Adept  
  36  3:52  Probe  
  36  3:53  Probe  
  36  3:55  Adept  
  42  4:04  Probe  
  42  4:05  Probe  
  42  4:08  Charge  
  44  4:17  Probe  
  45  4:31  Pylon  
  45  4:36  Probe  
  46  4:45  Probe  
  46  4:46  Pylon  
  46  4:50  Immortal  
  51  4:53  Pylon  
  51  4:56  Probe  
  50  5:08  Probe  
  51  5:18  Forge  
  51  5:20  Probe  
  52  5:30  Probe  
  53  5:38  Probe  
  54  5:47  Probe  
  54  5:54  Photon Cannon  
  54  5:56  Photon Cannon  
  55  5:57  Shield Battery  
  55  5:59  Probe  
  56  6:11  Probe  
  53  6:17  Stalker  
  53  6:18  Stalker  
  49  6:42  Forge  
  49  6:44  Stargate  
  47  6:47  Stargate  
  47  6:50  Stalker  
  47  6:51  Stalker  
  51  7:11  Shield Battery  
  51  7:14  Shield Battery  
  51  7:16  Shield Battery  
  51  7:17  Probe  
  51  7:21  Nexus  
  52  7:25  Assimilator, Probe  
  53  7:30  Assimilator  
  53  7:34  Pylon  
  53  7:35  Probe  
  53  7:37  Pylon  
  53  7:40  Protoss Shields Level 1  
  62  7:44  Void Ray  
  62  7:45  Void Ray  
  62  7:48  Probe  
  62  7:52  Probe  
  62  7:56  Observer, Probe  
  65  8:02  Photon Cannon  
  65  8:03  Photon Cannon  
  65  8:04  Probe  
  65  8:05  Photon Cannon  
  67  8:06  Probe  
  67  8:07  Shield Battery  
  67  8:08  Protoss Air Weapons Level 1  
  67  8:10  Pylon  
  68  8:15  Probe  
  68  8:18  Probe  
  70  8:23  Probe  
  70  8:30  Probe  
  70  8:31  Probe  
  73  8:42  Fleet Beacon, Probe  
  74  8:54  Stalker x2, Probe  
  87  8:56  Immortal  
  87  8:57  Void Ray x2  
  91  9:08  Stargate  
  91  9:09  Stargate  
  91  9:11  Stargate  
  91  9:14  Stargate  
  91  9:19  Stargate  
  91  9:21  Stargate  
  91  9:24  Stargate  
  91  9:25  Stargate  
  91  9:30  Stargate  
  91  9:31  Stargate  
  91  9:43  Probe  
  92  9:55  Carrier  
  98  10:10  Assimilator  
  98  10:12  Nexus  
  98  10:15  Assimilator  
  98  10:18  Assimilator  
  98  10:19  Nexus  
  98  10:22  Assimilator  
  98  10:30  Protoss Shields Level 2  
  98  10:31  Cybernetics Core  
  98  10:37  Protoss Air Weapons Level 2  
  98  10:41  Nexus  
  98  10:44  Assimilator  
  98  10:45  Assimilator  
  98  10:56  Pylon  
  98  10:58  Pylon  
  98  11:00  Pylon  
  98  11:05  Pylon  
  98  11:14  Carrier  
  98  11:16  Carrier  
  110  11:27  Photon Cannon  
  110  11:28  Photon Cannon  
  110  11:34  Photon Cannon  
  110  11:38  Photon Cannon  
  110  11:41  Shield Battery  
  110  11:44  Probe  
  110  11:45  Photon Cannon  
  110  11:47  Photon Cannon  
  110  11:49  Probe  
  110  11:51  Probe  
  110  11:52  Probe  
  112  11:57  Probe  
  112  11:59  Probe  
  115  12:02  Probe  
  115  12:06  Probe  
  117  12:08  Probe  
  117  12:14  Probe  
  120  12:19  Probe  
  120  12:21  Probe  
  122  12:26  Probe  
  123  12:31  Probe  
  123  12:33  Probe  
  121  12:43  Probe  
  122  12:55  Probe  
  122  12:57  Carrier x7  
  165  13:07  Protoss Shields Level 3  
  165  13:15  Probe  
  165  13:17  Protoss Air Armor Level 1  
  165  13:18  Probe  
  167  13:23  Probe  
  167  13:25  Protoss Air Weapons Level 3  
  167  13:26  Probe  
  167  13:31  Probe  
  169  13:34  Probe  
  171  13:43  Probe  
  171  13:44  Probe  
  173  13:55  Probe  
  174  13:56  Probe  
  174  13:59  Probe  
  175  14:07  Probe  
  175  14:08  Probe  
  178  14:49  Probe  
  167  15:02  Carrier  
  167  15:07  Carrier  
  147  15:33  Pylon  
  147  15:34  Pylon x2  
  146  15:36  Pylon  
  137  15:43  Photon Cannon  
  137  15:44  Photon Cannon  
  137  15:47  Photon Cannon  
  124  16:35  Pylon  
  124  16:37  Pylon  
  124  17:11  Pylon x2  
  124  17:12  Pylon  
  124  17:17  Pylon  
  124  17:19  Pylon x2  
  124  17:21  Pylon  
  124  17:22  Pylon  
  124  17:23  Pylon  
  124  17:29  Probe  
  131  17:30  Carrier  
  131  17:36  Carrier  
  149  17:37  Carrier x2, Dark Shrine  
  149  17:38  Carrier  
  149  17:39  Carrier  
  149  17:40  Templar Archives, Carrier  
  167  17:45  Robotics Bay  
  167  17:49  Robotics Facility  
  167  17:55  Pylon  
  167  17:56  Pylon  
  167  17:59  Pylon  
  167  18:03  Gateway  
  167  18:06  Gateway  
  167  18:09  Gateway  
  167  18:10  Gateway  
  167  18:11  Carrier  
  181  18:30  Photon Cannon  
  181  18:31  Photon Cannon  
  181  18:35  Photon Cannon  
  181  18:40  Photon Cannon  
Show
View Real Time Build Order
Export as new Build Order

terrafo Terran - Winner!

Build Orders:  

Get SALT Encoding   

  12  0:45  Refinery  
  12  0:51  Supply Depot  
  12  0:54  SCV  
  13  1:07  SCV  
  14  1:19  Supply Depot, SCV  
  15  1:31  SCV, Barracks  
  16  1:40  Barracks  
  16  1:43  SCV  
  17  1:50  Refinery  
  17  2:24  Marine  
  18  2:32  Marine  
  18  2:33  Barracks  
  19  2:42  Marine  
  19  2:44  Factory  
  20  2:50  Marine  
  21  2:59  Marine  
  22  3:08  Supply Depot, Marine  
  23  3:17  Marine  
  24  3:22  Marine  
  24  3:26  Marine  
  26  3:33  Factory Tech Lab  
  26  3:35  Marine  
  26  3:39  Engineering Bay  
  26  3:40  Marine  
  28  3:43  Marine  
  29  3:53  Marine  
  30  3:57  Marine  
  30  4:01  Marine  
  32  4:10  Terran Infantry Weapons Level 1  
  32  4:11  Marine  
  32  4:15  Marine  
  34  4:19  Marine  
  34  4:23  Supply Depot  
  35  4:28  Marine  
  36  4:33  Marine  
  37  4:44  Siege Tank  
  40  4:47  Marine  
  40  4:51  Marine x2  
  43  5:16  Marine  
  43  5:18  Marine  
  43  5:19  Marine  
  46  5:33  Marine  
  47  5:47  Marine x2  
  43  5:53  Supply Depot  
  43  6:02  Marine  
  44  6:05  Marine x2  
  46  6:33  Marine  
  46  6:34  Marine  
  46  6:36  Marine  
  48  6:46  Hellion  
  50  6:50  Marine  
  50  6:52  Marine  
  50  6:54  Marine  
  53  7:09  Marine  
  53  7:11  Marine  
  53  7:12  Supply Depot  
  55  7:33  Marine  
  55  7:35  Supply Depot, Marine  
  57  7:40  Marine  
  58  7:51  Marine  
  58  7:53  Marine  
  58  7:58  Marine  
  60  8:00  Supply Depot  
  61  8:09  Marine  
  61  8:11  Marine  
  63  8:26  Marine  
  44  8:49  Siege Tank  
  44  8:53  Reaper  
  48  9:18  Supply Depot  
  48  9:21  Siege Tank  
  51  9:25  Reaper  
  52  9:41  Supply Depot  
  52  9:50  Barracks Tech Lab  
  52  9:52  Barracks Reactor  
  52  9:53  Siege Tank  
  52  9:58  Barracks Reactor  
  55  10:12  Terran Infantry Armor Level 1  
  55  10:25  Siege Tank  
  58  10:32  Supply Depot  
  58  10:45  Marine  
  58  10:48  Marine x2  
  61  10:59  Marine x2  
  61  11:02  Marine  
  64  11:05  Marine  
  64  11:06  Marine  
  66  11:20  Marine  
  67  11:49  Siege Tank  
  70  12:05  Command Center  
  70  12:46  Siege Tank  
  73  13:09  Supply Depot  
  73  13:18  SCV  
  74  13:27  Refinery  
  74  13:30  SCV  
  74  13:32  Supply Depot  
  75  13:42  SCV  
  75  13:44  Siege Tank  
  79  13:52  Reaper  
  79  13:53  Concussive Shells  
  79  13:54  SCV  
  81  14:07  SCV  
  82  14:16  Siege Tank  
  85  14:19  SCV  
  86  14:35  Refinery  
  86  14:48  Siege Tank  
  87  15:05  Starport  
  81  15:16  Armory  
  81  15:20  Siege Tank  
  84  15:25  Starport  
  59  16:51  Starport Tech Lab  
  59  17:02  Starport Tech Lab  
  59  17:19  Supply Depot  
  59  17:56  Banshee  
  62  18:40  Raven  
  64  18:44  SCV  
  65  18:56  SCV  
Tags
 
Add a new tag
Caveats
  • Supply blocks, unpowered buildings, or Contaminate may cause inaccurate times.
  • Supply counts are checked every 10 seconds.